 Dungeon Crawl Stone Soup version 0.27-a0-906-g0a00ce863d (webtiles) character file.

Game seed: 9670563757695485257

2599 robertstho the Thaumaturge (level 9, -2/48 HPs)
             Began as a Deep Elf Ice Elementalist on Apr 6, 2021.
             Was a Follower of Sif Muna.
             Killed from afar by a steam dragon (26 damage)
             ... with a ball of steam
             ... on level 7 of the Dungeon.
             The game lasted 00:13:47 (9588 turns).

robertstho the Thaumaturge (DEIE)                   Turns: 9588, Time: 00:13:48

Health: -2/48      AC:  2    Str:  5    XL:     9   Next: 33%
Magic:  9/24       EV: 13    Int: 24    God:    Sif Muna [*.....]
Gold:   364        SH:  0    Dex: 15    Spells: 12/27 levels left

rFire    . . .     SeeInvis .   p - +2 long sword (protect)
rCold    . . .     Faith    .   (no shield)
rNeg     . . .     Spirit   .   a - +0 robe
rPois    .         Reflect  .   (no helmet)
rElec    .         Harm     .   c - scarf {+Inv}
rCorr    .         Rampage  .   (no gloves)
Will     .....                  (no boots)
Stlth    +++.......             (no amulet)
HPRegen  0.16/turn              (no ring)
MPRegen  0.19/turn              (no ring)

@: no status effects
A: no striking features
a: Renounce Religion, Evoke Invisibility, Channel Magic


You were on level 7 of the Dungeon.
You worshipped Sif Muna.
Sif Muna was aware of your devotion.
You visited 2 branches of the dungeon, and saw 8 of its levels.

You collected 364 gold pieces.

Inventory:

Hand Weapons
 d - a +0 dagger
 f - a +2 whip of venom
 p - a +2 long sword of protection (weapon)
Armour
 a - a +0 robe (worn)
 c - a scarf of invisibility (worn)
Wands
 g - a wand of acid (1)
 r - a wand of random effects (20)
Scrolls
 b - a scroll of enchant weapon {unknown}
 j - a scroll of fear
 k - a scroll of silence
 o - a scroll of amnesia {unknown}
 t - a scroll of blinking
 u - a scroll of teleportation {unknown}
Potions
 e - a potion of magic
 h - a potion of heal wounds
 i - 3 potions of attraction {unknown}
 l - 2 potions of curing {unknown}
 m - 3 potions of flight {unknown}
 n - 2 potions of degeneration {unknown}
 q - 2 potions of might {unknown}
 s - a potion of berserk rage
 w - a potion of resistance


   Skills:
 + Level 1.7 Fighting
 + Level 0.2(1.9) Short Blades
 + Level 2.9 Long Blades
 + Level 1.3 Maces & Flails
 + Level 4.1 Dodging
 + Level 4.2 Stealth
 * Level 9.7 Spellcasting
 + Level 1.0 Conjurations
 + Level 2.2 Summonings
 * Level 9.0 Ice Magic
 * Level 3.6 Invocations
 + Level 0.5 Evocations


You had 12 spell levels left.
You knew the following spells:

 Your Spells              Type           Power      Damage    Failure   Level
a - Freeze                Ice            100%       1d11      1%          1
b - Frozen Ramparts       Ice            100%       1d12      1%          3
c - Ozocubu's Armour      Ice            53%        N/A       1%          3
d - Hailstorm             Conj/Ice       35%        3d9       7%          4
e - Summon Ice Beast      Ice/Summ       38%        N/A       5%          4

Your spell library contained the following spells:

 Spells                   Type           Power      Damage    Failure   Level
 Beastly Appendage        Tmut           22%        N/A       5%          1
 Wereblood                Tmut           11%        N/A       9%          2
 Ice Form                 Ice/Tmut       33%        N/A       9%          4
 Spider Form              Tmut/Pois      5%         N/A       16%         3
 Hydra Form               Tmut           5%         N/A       83%         5


Dungeon Overview and Level Annotations

Branches:
Dungeon (7/15)             Temple (1/1) D:6

Altars:
Ashenzari
Cheibriados
Elyvilon
Fedhas
Gozag
Hepliaklqana
Kikubaaqudgha
Makhleb
Okawaru
Qazlal
Ru
Sif Muna
Uskayaw
Wu Jian
Yredelemnul
Zin


Message History

Unknown command.
You start resting.
A steam dragon comes into view.
Your frozen ramparts will break if you move.
Continue?
The frozen ramparts melt away as you move.
There is a stone staircase leading up here.
You climb upwards.
There is a stone staircase leading down here.
You start resting.
Magic restored.
You aren't carrying any pieces of jewellery.
As you read the scroll of identify, it crumbles to dust.
w - a potion of resistance You climb downwards.
There is a stone staircase leading up here.
A steam dragon is nearby!
Casting: Hailstorm (dangerous; 7% risk of failure)
Confirm with . or Enter, or press ? or * to list all spells.
A chill wind blows around you.
The steam dragon hisses angrily.
The steam dragon breathes steam at you. The ball of steam hits you!!
Ouch! That really hurt!
Casting: Summon Ice Beast (dangerous; 5% risk of failure)
Confirm with . or Enter, or press ? or * to list all spells.
A chill wind blows around you.
Unknown command.
Casting: Summon Ice Beast (dangerous; 5% risk of failure)
Confirm with . or Enter, or press ? or * to list all spells.
A chill wind blows around you.
The steam dragon barely misses your ice beast.
The steam dragon closely misses your ice beast.
Unknown command.
Casting: Summon Ice Beast (dangerous; 5% risk of failure)
Confirm with . or Enter, or press ? or * to list all spells.
A chill wind blows around you. The steam dragon breathes steam at you.
The ball of steam hits you!!
Ouch! That really hurt!
You die...

.....##...###.######...#
....####....###†.......# ....#
##.....###.##....# )...#
#.##....###..##[.... ....#
#..#......#### ####.. # ....#
####......(.## ## ...##
#......Y..# #. .#.# #.........##
##. .#.# #....@.....# #.. .#.###
###..§Y)...## D##.# .#...#
#<.Y§.....# #.#..# .)##.######
#.§§§.....## .##.## ..........##
#...Y§.....# #.#..##
...........###..§.D.....##)##.###
............##....§......#)#..#
............##...........#'#.##
............##............#..#


You could see 3 friendly ice beasts.

Vanquished Creatures
  2 trolls (D:7)
  3 water moccasins
  An orc warrior (D:7)
  2 sky beasts
  2 centaurs
  A phantom (D:5)
  2 scorpions
  A bullfrog zombie (D:5)
  A centaur zombie (D:7)
  A centaur skeleton (D:6)
  2 hounds
  2 orc priests
  A jelly (D:5)
  2 bullfrog skeletons
  4 iguanas
  3 orc wizards
  A killer bee zombie (D:6)
  A howler monkey zombie (D:7)
  5 gnolls
  4 adders
  An ufetubus (D:4)
  An adder skeleton (D:4)
  2 dart slugs
  2 worms
  11 orcs
  7 bats
  5 endoplasms
  A giant cockroach (D:4)
  9 goblins
  9 hobgoblins
  12 jackals
  2 quokkas
  6 ball pythons
  6 frilled lizards
  5 kobolds
  4 rats
124 creatures vanquished.

Vanquished Creatures (collateral kills)
  A komodo dragon (D:7)
  A wyvern (D:7)
  A steam dragon (D:7)
  A black bear (D:7)
  A jelly (D:6)
  2 orc wizards (D:7)
  A killer bee zombie (D:5)
  2 orcs (D:7)
10 creatures vanquished.

Grand Total: 134 creatures vanquished

Notes
Turn   | Place    | Note
-------+----------+-------------------------------------------
     0 | D:1      | robertstho the Deep Elf Ice Elementalist began the quest
                  | for the Orb.
     0 | D:1      | Reached XP level 1. HP: 10/10 MP: 6/6
    77 | D:1      | Reached XP level 2. HP: 4/15 MP: 4/8
   330 | D:1      | Reached skill level 5 in Ice Magic
   803 | D:1      | You fall into a shaft and drop 1 floor!
   881 | D:1      | Reached XP level 3. HP: 19/19 MP: 8/10
   964 | D:1      | Found a faded altar of an unknown god.
  1871 | D:2      | Noticed an ice beast
  2081 | D:2      | Found a blossoming altar of Fedhas.
  2654 | D:2      | Learned a level 3 spell: Frozen Ramparts
  2658 | D:2      | Learned a level 3 spell: Ozocubu's Armour
  2786 | D:3      | Reached XP level 4. HP: 18/24 MP: 12/12
  3460 | D:3      | Found a basalt altar of Yredelemnul.
  3650 | D:4      | Found an ancient bone altar of Kikubaaqudgha.
  3734 | D:4      | Noticed a scorpion
  3738 | D:4      | Killed a scorpion
  3739 | D:4      | Reached skill level 5 in Spellcasting
  3739 | D:4      | Reached XP level 5. HP: 27/28 MP: 9/14
  4549 | D:4      | Reached XP level 6. HP: 23/32 MP: 9/16
  4771 | D:4      | Found a stormy altar of Qazlal.
  4781 | D:4      | Reached skill level 1 in Maces & Flails
  5141 | D:5      | Entered Level 5 of the Dungeon
  5306 | D:5      | Noticed a water moccasin
  5323 | D:5      | Killed a water moccasin
  5440 | D:5      | Found a snail-covered altar of Cheibriados.
  5661 | D:5      | Learned a level 4 spell: Hailstorm
  5666 | D:5      | Learned a level 4 spell: Summon Ice Beast
  6038 | D:5      | Reached XP level 7. HP: 37/37 MP: 14/18
  7130 | D:6      | Found a staircase to the Ecumenical Temple.
  7139 | D:6      | Reached skill level 1 in Long Blades
  7147 | Temple   | Entered the Ecumenical Temple
  7281 | Temple   | Became a worshipper of Sif Muna the Loreminder
  7393 | D:6      | Reached skill level 1 in Fighting
  7393 | D:6      | Reached skill level 1 in Summonings
  7455 | D:6      | Found a burning altar of Makhleb.
  7469 | D:6      | Reached skill level 1 in Invocations
  7705 | D:6      | Reached XP level 8. HP: 37/43 MP: 19/21
  8680 | D:7      | Found a hide-covered altar of Uskayaw.
  8965 | D:7      | Reached * piety under Sif Muna
  9167 | D:7      | Noticed a troll
  9167 | D:7      | Noticed a komodo dragon
  9175 | D:7      | Noticed a troll
  9176 | D:7      | Killed a komodo dragon
  9178 | D:7      | Reached XP level 9. HP: 11/48 MP: 5/24
  9179 | D:7      | Killed a troll
  9192 | D:7      | Killed a troll
  9192 | D:7      | Noticed a troll
  9193 | D:7      | Reached skill level 1 in Conjurations
  9588 | D:7      | Killed from afar by a steam dragon

Illustrated notes

Levels and vault maps discovered:
D:1:      lemuel_arrival_funnel, layout_loops_ring, basic_ecumenical_altar,
          minmay_unequal
D:2:      wad_crossroads, layout_basic, basic_altar, serial_corexii_hall,
          chequers_hall_statues_corner_a, corexii_hall_statues_u,
          wander_ebering_terrifying_dragon_lair
D:3:      layout_rooms, lemuel_tele_altar
D:4:      layout_layer_cave, old_standard_altar, old_standard_altar
D:5:      layout_cave_pods, cheibrodos_worm_habitat
D:6:      layout_basic, lightli_temple_of_fire, temple_hall,
          minmay_misc_feat_five
D:7:      minmay_the_grid_four_pointed_star
          [minmay_the_grid_triangle_9x9_from_above,
          minmay_the_grid_triangle_9x9_cache,
          minmay_the_grid_triangle_9x9_shrine,
          minmay_the_grid_triangle_9x9_impossible_snake,
          minmay_the_grid_prize_inner_circle], layout_rooms,
          lemuel_crystal_altar
Temple:   regret_index_temple_generic_petals

Skill      XL: |  1  2  3  4  5  6  7  8  9 |
---------------+----------------------------+-----
Ice Magic      | 5 6 7 8 9 |  9.0
Spellcasting   | 4 5 6 7 9 |  9.7
Stealth        | 3 4 |  4.2
Dodging        | 3 4 |  4.1
Maces & Flails | 1 |  1.3
Long Blades    | 1 2 |  2.9
Fighting       | 1 |  1.7
Summonings     | 1 2 |  2.2
Invocations    | 1 3 |  3.6
Conjurations   | 1 |  1.0
Short Blades   | |  0.2
Evocations     | |  0.5

Action                   |  1- 3 |  4- 6 |  7- 9 || total
-------------------------+-------+-------+-------++-------
Melee: Dagger            |    50 |       |       ||    50
       Unarmed           |     5 |       |       ||     5
       Whip              |    10 |    75 |       ||    85
       Long sword        |       |     5 |    81 ||    86
 Cast: Freeze            |    48 |     9 |    11 ||    68
       Frozen Ramparts   |       |    11 |    12 ||    23
       Summon Ice Beast  |       |       |    24 ||    24
       Hailstorm         |       |       |    14 ||    14
       Ozocubu's Armour  |       |       |     1 ||     1
Evoke: Wand              |       |     2 |     7 ||     9
  Use: Scroll            |     3 |     3 |     4 ||    10
 Stab: Sleeping          |     7 |     6 |     4 ||    17
Armor: Robe              |    19 |    13 |    45 ||    77
Dodge: Dodged            |    65 |    65 |    91 ||   221
       Rpst.: Long sword |       |     1 |    19 ||    20

Table legend: (Time is in decaauts)
 A = Elapsed time spent in this place.
 B = Non-inter-level travel time spent in this place.
 C = Inter-level travel time spent in this place.
 D = Time resting spent in this place.
 E = Time spent auto-exploring this place.
 F = Levels seen in this place.
 G = Mean time per level.
                   A        B        C        D        E       F      G
               +--------+--------+--------+--------+--------+-----+--------+
         Total |   9634 |   9446 |    188 |   1021 |   7256 |   8 | 1204.2 |
       Dungeon |   9461 |   9311 |    150 |   1021 |   7136 |   7 | 1351.6 |
        Temple |    172 |    134 |     38 |      0 |    120 |   1 |  172.0 |
               +--------+--------+--------+--------+--------+-----+--------+

Top non-repeatable levels by time:
     D:5: 1894 daAuts
     D:1: 1567 daAuts
     D:4: 1520 daAuts
     D:6: 1289 daAuts
     D:7: 1129 daAuts
     D:2: 1114 daAuts
     D:3: 945 daAuts
  Temple: 172 daAuts
